BSA
ST. LOUIS BROWNS @ HOUSTON MARSHALS
03/17/2026
 
TOP OF THE 1ST
St. Louis Browns batting - Pitching for Toronto Titans : LHP Stan Aldridge
Pitching: LHP Stan Aldridge
Batting: LHB Mike Hill 0-0: Ball
1-0: Foul Ball, location: 2F
1-1: Ball
2-1: Ground out 4-3 (Groundball, 4)
Batting: SHB Ryobe Yamamoto 0-0: Called Strike
0-1: SINGLE (Groundball, 3L) (infield hit)
Batting: RHB Will Brown 0-0: Grounds into double play, 6-4-3 (Groundball, 6)
Top of the 1st over - 0 run(s), 1 hit(s), 0 error(s), 0 left on base; St. Louis 0 - Toronto 0
BOTTOM OF THE 1ST
Toronto Titans batting - Pitching for St. Louis Browns : RHP Armando Avilés
Pitching: RHP Armando Avilés
Batting: SHB Juan Gómez 0-0: Called Strike
0-1: Ball
1-1: Ball
2-1: Ball
3-1: Swinging Strike
3-2: Foul Ball, location: 2F
3-2: Foul Ball, location: 2F
3-2: Fly out, F8 (Flyball, 8LD)
Batting: RHB Wilson Gómez 0-0: Fly out, F9 (Flyball, 9D)
Batting: LHB Roberto García 0-0: SOLO HOME RUN (Flyball, 89XD), Distance : 428 ft
Batting: SHB Álex Rosado 0-0: Swinging Strike
0-1: Ball
1-1: Ball
2-1: DOUBLE (Line Drive, 5L)
Batting: LHB Lewis Barr 0-0: Ball
1-0: Foul Ball, location: 2F
1-1: Foul Ball, location: 2F
1-2: Ball
2-2: Foul Ball, location: 2F
2-2: Foul Ball, location: 2F
2-2: Strikes out looking
Bottom of the 1st over - 1 run(s), 2 hit(s), 0 error(s), 1 left on base; St. Louis 0 - Toronto 1
TOP OF THE 2ND
St. Louis Browns batting - Pitching for Toronto Titans : LHP Stan Aldridge
Batting: RHB George Howard 0-0: Ball
1-0: Foul Ball, location: 2F
1-1: Swinging Strike
1-2: Foul Ball, location: 2F
1-2: Ball
2-2: Foul Ball, location: 2F
2-2: Strikes out swinging
Batting: LHB Junior Coates 0-0: Ball
1-0: Foul Ball, location: 2F
1-1: Called Strike
1-2: Ball
2-2: Ball
3-2: Foul Ball, location: 2F
3-2: Reached on error, E5 (Groundball, 5)
Batting: RHB Carlos Alfaro 0-0: Ball
1-0: Swinging Strike
1-1: Foul Ball, location: 2F
1-2: Ball
2-2: Strikes out swinging
Batting: LHB Héctor Rentería 0-0: Foul Ball, location: 2F
0-1: Ball
1-1: Foul Ball, location: 2F
1-2: Ball
2-2: Ground out U3 (Groundball, 3S)
Top of the 2nd over - 0 run(s), 0 hit(s), 1 error(s), 1 left on base; St. Louis 0 - Toronto 1
BOTTOM OF THE 2ND
Toronto Titans batting - Pitching for St. Louis Browns : RHP Armando Avilés
Batting: RHB Sadao Kimura 0-0: Called Strike
0-1: Ground out 6-3 (Groundball, 6)
Batting: RHB Gilberto López 0-0: Called Strike
0-1: Foul Ball, location: 2F
0-2: Foul Ball, location: 2F
0-2: Foul Ball, location: 2F
0-2: Ground out 5-3 (Groundball, 6)
Batting: LHB Matt Smith 0-0: Ball
1-0: Ball
2-0: Ball
3-0: Called Strike
3-1: Called Strike
3-2: Strikes out swinging
Bottom of the 2nd over - 0 run(s), 0 hit(s), 0 error(s), 0 left on base; St. Louis 0 - Toronto 1
TOP OF THE 3RD
St. Louis Browns batting - Pitching for Toronto Titans : LHP Stan Aldridge
Batting: RHB Mario Rosales 0-0: Foul Ball, location: 2F
0-1: Ball
1-1: Ball
2-1: Ball
3-1: Ground out 5-3 (Groundball, 56)
Batting: RHB R.J. Parker 0-0: Ground out 4-3 (Groundball, 4M)
Batting: LHB Mike Hill 0-0: Swinging Strike
0-1: Swinging Strike
0-2: Foul Ball, location: 2F
0-2: Ball
1-2: Ball
2-2: Foul Ball, location: 2F
2-2: SINGLE (Groundball, 4MD)
Batting: SHB Ryobe Yamamoto 0-0: Called Strike
0-1: Ball
1-1: Foul Ball, location: 2F
1-2: Ball
2-2: Ground out 6-3 (Groundball, 6)
Top of the 3rd over - 0 run(s), 1 hit(s), 0 error(s), 1 left on base; St. Louis 0 - Toronto 1
BOTTOM OF THE 3RD
Toronto Titans batting - Pitching for St. Louis Browns : RHP Armando Avilés
Batting: RHB Jim Tracy 0-0: Ball
1-0: Ball
2-0: Ball
3-0: Called Strike
3-1: Base on Balls
Batting: SHB Juan Gómez 0-0: Ball
1-0: Called Strike
1-1: Grounds into double play, 6-4-3 (Groundball, 6M)
Batting: RHB Wilson Gómez 0-0: Called Strike
0-1: Ball
1-1: Called Strike
1-2: Fly out, F5 (Line Drive, 56)
Bottom of the 3rd over - 0 run(s), 0 hit(s), 0 error(s), 0 left on base; St. Louis 0 - Toronto 1
TOP OF THE 4TH
St. Louis Browns batting - Pitching for Toronto Titans : LHP Stan Aldridge
Batting: RHB Will Brown 0-0: Called Strike
0-1: Ball
1-1: Ball
2-1: Called Strike
2-2: SINGLE (Line Drive, 78S)
Batting: RHB George Howard 0-0: SINGLE (Line Drive, 6M)
Will Brown to second
Runner from 2nd tries for 3rd, SAFE, throw made to third
Batting: LHB Junior Coates 0-0: Ball
1-0: Foul Ball, location: 2F
1-1: Fly out, F7 (Flyball, 7LS)
Batting: RHB Carlos Alfaro 0-0: Called Strike
0-1: Ball
Wild Pitch!
Will Brown scores
George Howard to second
1-1: Foul Ball, location: 2F
1-2: Ball
2-2: Foul Ball, location: 2F
2-2: Ground out 6-3 (Groundball, 6)
George Howard to third
Batting: LHB Héctor Rentería 0-0: Called Strike
0-1: Ball
1-1: Foul Ball, location: 2F
1-2: Foul Ball, location: 2F
1-2: Strikes out swinging
Top of the 4th over - 1 run(s), 2 hit(s), 0 error(s), 1 left on base; St. Louis 1 - Toronto 1
BOTTOM OF THE 4TH
Toronto Titans batting - Pitching for St. Louis Browns : RHP Armando Avilés
Batting: LHB Roberto García 0-0: Called Strike
0-1: Ground out 6-3 (Groundball, 6)
Batting: SHB Álex Rosado 0-0: Fly out, F7 (Flyball, 7LM)
Batting: LHB Lewis Barr 0-0: Foul Ball, location: 2F
0-1: DOUBLE (Line Drive, 5D)
Batting: RHB Sadao Kimura 0-0: Ball
1-0: Called Strike
1-1: Foul Ball, location: 2F
1-2: Ball
2-2: Ball
3-2: DOUBLE (Line Drive, 56)
Lewis Barr scores
Batting: RHB Gilberto López 0-0: Called Strike
0-1: Ball
1-1: Fly out, F8 (Flyball, 8LS)
Bottom of the 4th over - 1 run(s), 2 hit(s), 0 error(s), 1 left on base; St. Louis 1 - Toronto 2
TOP OF THE 5TH
St. Louis Browns batting - Pitching for Toronto Titans : LHP Stan Aldridge
Pitching: RHP Juan Velázquez
Batting: RHB Mario Rosales 0-0: Ground out 6-3 (Groundball, 6)
Batting: RHB R.J. Parker 0-0: Swinging Strike
0-1: Foul Ball, location: 2F
0-2: Ball
1-2: Ball
2-2: Ball
3-2: Strikes out swinging
Batting: LHB Mike Hill 0-0: Fly out, F5 (Popup, 25)
Top of the 5th over - 0 run(s), 0 hit(s), 0 error(s), 0 left on base; St. Louis 1 - Toronto 2
BOTTOM OF THE 5TH
Toronto Titans batting - Pitching for St. Louis Browns : RHP Armando Avilés
Pitching: RHP Ramón Silva
Batting: LHB Matt Smith 0-0: Ground out 5-3 (Groundball, 56)
Batting: RHB Jim Tracy 0-0: Ball
1-0: Ball
2-0: Foul Ball, location: 2F
2-1: Ball
3-1: Called Strike
3-2: Fly out, F9 (Flyball, 9D)
Batting: SHB Juan Gómez 0-0: Ball
1-0: Ball
2-0: Foul Ball, location: 2F
2-1: Foul Ball, location: 2F
2-2: Foul Ball, location: 2F
2-2: Ball
3-2: Foul Ball, location: 2F
3-2: DOUBLE (Groundball, 5D)
Batting: RHB Wilson Gómez 0-0: Ball
1-0: Ground out 6-3 (Groundball, 6)
Bottom of the 5th over - 0 run(s), 1 hit(s), 0 error(s), 1 left on base; St. Louis 1 - Toronto 2
TOP OF THE 6TH
St. Louis Browns batting - Pitching for Toronto Titans : RHP Juan Velázquez
Batting: SHB Ryobe Yamamoto 0-0: Foul Ball, location: 2F
0-1: Swinging Strike
0-2: Ball
1-2: Strikes out swinging
Batting: RHB Will Brown 0-0: Swinging Strike
0-1: Called Strike
0-2: Strikes out looking
Batting: RHB George Howard 0-0: Ball
1-0: Foul Ball, location: 2F
1-1: Ball
2-1: Fly out, F9 (Line Drive, 89M)
Top of the 6th over - 0 run(s), 0 hit(s), 0 error(s), 0 left on base; St. Louis 1 - Toronto 2
BOTTOM OF THE 6TH
Toronto Titans batting - Pitching for St. Louis Browns : RHP Ramón Silva
Batting: LHB Roberto García 0-0: Ball
1-0: Ground out 1-3 (Groundball, 15S)
Batting: SHB Álex Rosado 0-0: Foul Ball, location: 2F
0-1: Foul Ball, location: 2F
0-2: Ball
1-2: Fly out, F1 (Line Drive, 15)
Batting: LHB Lewis Barr 0-0: Ball
1-0: Called Strike
1-1: Swinging Strike
1-2: Ground out U3 (Groundball, 3L)
Bottom of the 6th over - 0 run(s), 0 hit(s), 0 error(s), 0 left on base; St. Louis 1 - Toronto 2
TOP OF THE 7TH
St. Louis Browns batting - Pitching for Toronto Titans : RHP Juan Velázquez
Pitching: RHP Howard Green
Batting: LHB Junior Coates 0-0: Ball
1-0: Ball
2-0: Ball
3-0: Called Strike
3-1: Base on Balls
Batting: RHB Carlos Alfaro 0-0: Ball
1-0: Bunted foul
1-1: Sac Bunt - play at first, batter OUT! 1-4
Junior Coates to second
Pinch Hitting: LHB Clinton Clark 0-0: Ball
1-0: Ground out 4-3 (Groundball, 34)
Junior Coates to third
Pinch Hitting: RHB Yoshihide Takahashi 0-0: Called Strike
0-1: SINGLE (Line Drive, 7S)
Junior Coates scores
Batting: RHB R.J. Parker 0-0: Swinging Strike
0-1: Foul Ball, location: 2F
0-2: Ball
1-2: Strikes out looking
Top of the 7th over - 1 run(s), 1 hit(s), 0 error(s), 1 left on base; St. Louis 2 - Toronto 2
BOTTOM OF THE 7TH
Toronto Titans batting - Pitching for St. Louis Browns : RHP Ramón Silva
Pitching: LHP Miguel Martínez
Now in LF: Yoshihide Takahashi
Now in CF: Clinton Clark
Batting: RHB Sadao Kimura 0-0: Swinging Strike
0-1: Called Strike
0-2: Strikes out swinging
Pitching: RHP Arturo Leal
Batting: RHB Gilberto López 0-0: Ball
1-0: Foul Ball, location: 2F
1-1: Foul Ball, location: 2F
1-2: SINGLE (Groundball, 56)
Batting: LHB Matt Smith 0-0: Ball
1-0: Grounds into double play, 6-4-3 (Groundball, 6)
Bottom of the 7th over - 0 run(s), 1 hit(s), 0 error(s), 0 left on base; St. Louis 2 - Toronto 2
TOP OF THE 8TH
St. Louis Browns batting - Pitching for Toronto Titans : RHP Howard Green
Pinch Hitting: LHB Jorge Torres 0-0: Ball
1-0: Foul Ball, location: 2F
1-1: Ground out 1-3 (Groundball, 15)
Pinch Hitting: LHB Joe Sanders 0-0: Ball
1-0: Foul Ball, location: 2F
1-1: SINGLE (Line Drive, 78S)
Pinch Hitting: LHB Víctor Hernández 0-0: Foul Ball, location: 2F
0-1: Ground out U3 (Groundball, 3S)
Joe Sanders to second
Pinch Hitting: LHB Tommy Evans 0-0: Swinging Strike
0-1: Foul Ball, location: 2F
0-2: Ball
1-2: Strikes out looking
Top of the 8th over - 0 run(s), 1 hit(s), 0 error(s), 1 left on base; St. Louis 2 - Toronto 2
BOTTOM OF THE 8TH
Toronto Titans batting - Pitching for St. Louis Browns : RHP Arturo Leal
Pitching: LHP Keith Hill
Now at 1B: Jorge Torres
Now at 3B: Tommy Evans
Now at SS: Víctor Hernández
Now in RF: Pepe Vázquez
Batting: RHB Jim Tracy 0-0: Called Strike
0-1: Ground out 5-3 (Groundball, 56)
Batting: SHB Juan Gómez 0-0: Called Strike
0-1: Swinging Strike
0-2: Ball
1-2: Ball
2-2: Ball
3-2: Base on Balls
Pinch Hitting: SHB Ramón Lugo 0-0: Sac Bunt - play at second, runner OUT! 1-6
Pinch Hitting: RHB Chris Parker 0-0: Ball
1-0: Foul Ball, location: 2F
1-1: Ground out 6-3 (Groundball, 56)
Bottom of the 8th over - 0 run(s), 0 hit(s), 0 error(s), 1 left on base; St. Louis 2 - Toronto 2
TOP OF THE 9TH
St. Louis Browns batting - Pitching for Toronto Titans : RHP Howard Green
Pitching: RHP Juan Nieto
Now at 1B: Chris Parker
Now at 2B: Ramón Lugo
Batting: RHB Shawn Marshall 0-0: Ball
1-0: Swinging Strike
1-1: Ball
2-1: Swinging Strike
2-2: Strikes out looking
Batting: RHB Carlos Alfaro 0-0: SINGLE (Groundball, 56D)
Batting: LHB Clinton Clark 0-0: Ball
Wild Pitch!
Carlos Alfaro to second
1-0: Called Strike
1-1: Foul Ball, location: 2F
1-2: Ball
2-2: Strikes out looking
Batting: RHB Yoshihide Takahashi 0-0: Ball
1-0: Ground out 4-3 (Groundball, 4)
Top of the 9th over - 0 run(s), 1 hit(s), 0 error(s), 1 left on base; St. Louis 2 - Toronto 2
BOTTOM OF THE 9TH
Toronto Titans batting - Pitching for St. Louis Browns : LHP Keith Hill
Pitching: RHP Kitahachi Okada
Pinch Hitting: LHB Kent MacDulothe 0-0: Ball
1-0: Foul Ball, location: 2F
1-1: Ball
2-1: Ground out 4-3 (Groundball, 4)
Batting: LHB Lewis Barr 0-0: Foul Ball, location: 2F
0-1: Swinging Strike
0-2: SINGLE (Line Drive, 4MD)
Batting: RHB Sadao Kimura 0-0: Ball
1-0: Swinging Strike
1-1: Ball
2-1: Called Strike
2-2: Foul Ball, location: 2F
2-2: Foul Ball, location: 2F
2-2: Foul Ball, location: 2F
2-2: Strikes out swinging
Batting: LHB Greg Schultz 0-0: Called Strike
0-1: SINGLE (Groundball, 6MD)
Lewis Barr to second
Runner from 2nd tries for 3rd, SAFE, no throw or cutoff
Pinch Hitting: RHB Gustavo Díaz 0-0: Called Strike
0-1: Ball
1-1: Foul Ball, location: 2F
1-2: Fly out, F8 (Flyball, 8RXD)
Bottom of the 9th over - 0 run(s), 2 hit(s), 0 error(s), 2 left on base; St. Louis 2 - Toronto 2
TOP OF THE 10TH
St. Louis Browns batting - Pitching for Toronto Titans : RHP Juan Nieto
Now at 3B: Alberto Velásquez
Now in CF: Kent MacDulothe
Pinch Hitting: RHB António Venecia 0-0: Ball
1-0: Swinging Strike
1-1: Ball
2-1: Swinging Strike
2-2: Strikes out swinging
Batting: LHB Jorge Torres 0-0: SINGLE (Line Drive, 6M)
Batting: LHB Pepe Vázquez 0-0: Foul Ball, location: 2F
0-1: Foul Ball, location: 2F
0-2: Ball
Wild Pitch!
Jorge Torres to second
1-2: DOUBLE (Line Drive, 9M)
Jorge Torres scores
Batting: LHB Víctor Hernández 0-0: Called Strike
0-1: Ground out 6-3 (Groundball, 6M)
Pepe Vázquez to third
Batting: LHB Tommy Evans 0-0: Ball
1-0: Foul Ball, location: 2F
1-1: Ball
2-1: Swinging Strike
2-2: Strikes out swinging
Top of the 10th over - 1 run(s), 2 hit(s), 0 error(s), 1 left on base; St. Louis 3 - Toronto 2
BOTTOM OF THE 10TH
Toronto Titans batting - Pitching for St. Louis Browns : RHP Kitahachi Okada
Now at C: António Venecia
Batting: RHB Jim Tracy 0-0: Ball
1-0: Foul Ball, location: 2F
1-1: SINGLE (Groundball, 34D)
Batting: SHB Juan Gómez 0-0: Ball
1-0: Ball
2-0: Foul Ball, location: 2F
2-1: Ball
3-1: Called Strike
3-2: SINGLE (Line Drive, 89S)
Jim Tracy to second
Batting: SHB Ramón Lugo 0-0: Hit by Pitch
Jim Tracy to third
Juan Gómez to second
Batting: RHB Chris Parker 0-0: Ball
1-0: Swinging Strike
1-1: Ball
2-1: Fly out, F7 (Line Drive, 7M)
Runner from 3rd tags up, OUT at HOME
Juan Gómez to third
Ramón Lugo to second
Batting: LHB Kent MacDulothe 0-0: Fly out, F7 (Flyball, 7D)
Bottom of the 10th over - 0 run(s), 2 hit(s), 0 error(s), 2 left on base; St. Louis 3 - Toronto 2
Monday, December 5th, 2016 - OOTP Baseball 17.12 Build 75